 Dungeon Crawl Stone Soup version 0.28.0-53-g5a82cb258f (webtiles) character file.

Game seed: 12539789759312269535

70 fleeber the Chopper (level 4, -5/41 HPs)
             Began as a Minotaur Berserker on June 25, 2022.
             Was a Believer of Trog.
             Slain by Sigmund
             ... wielding a +0 scythe
              (12 damage)
             ... on level 3 of the Dungeon.
             The game lasted 00:08:34 (2202 turns).

fleeber the Chopper (Minotaur Berserker)            Turns: 2202, Time: 00:08:35

Health: -5/41      AC:  5    Str: 23    XL:     4   Next: 4%
Magic:  3/3        EV: 11    Int:  4    God:    Trog [**....]
Gold:   59         SH:  0    Dex: 10    Spells: 3/3 levels left

rFire   . . .      SeeInvis .   a - +0 hand axe
rCold   . . .      Faith    .   (no shield)
rNeg    . . .      Spirit   .   g - +0 ring mail
rPois   .          Reflect  .   (helmet restricted)
rElec   .          Harm     .   (no cloak)
rCorr   .          Rampage  .   (no gloves)
Will    .....                   (no boots)
Stlth   ..........              (no amulet)
HPRegen 0.13/turn               c - ring of flight
MPRegen 0.08/turn               (no ring)

@: flying
A: horns 2, retaliatory headbutt
a: Renounce Religion, Berserk, Trog's Hand


You were on level 3 of the Dungeon.
You worshipped Trog.
Trog was pleased with you.
You visited 1 branch of the dungeon, and saw 3 of its levels.

You collected 59 gold pieces.

Inventory:

Hand Weapons
 a - a +0 hand axe (weapon)
Missiles
 e - 98 stones (quivered)
Armour
 g - a +0 ring mail (worn)
Jewellery
 c - a ring of flight (left hand)
 h - a ring of ice
Scrolls
 b - a scroll of identify {unknown}
 d - a scroll of teleportation {unknown}
 j - a scroll of enchant weapon {unknown}
 l - a scroll of immolation {unknown}
 m - 2 scrolls of magic mapping {unknown}
 n - a scroll of acquirement {unknown}
 o - a scroll of vulnerability {unknown}
 q - a scroll of brand weapon {unknown}
Potions
 f - 2 potions of flight {unknown}
 i - a potion of berserk rage {unknown}
 k - a potion of degeneration {unknown}
 p - a potion of curing {unknown}
 r - a potion of lignification {unknown}
 s - a potion of might


   Skills:
 * Level 4.4 Fighting
 * Level 4.7 Axes
 * Level 0.4 Throwing
 * Level 2.9 Armour
 * Level 2.6 Dodging


You had 3 spell levels left.
You didn't know any spells.
Your spell library was empty.

Dungeon Overview and Level Annotations

Branches:
Dungeon (3/15)

Altars:

Annotations:
D:3 Sigmund


Innate Abilities, Weirdness & Mutations

You have a pair of horns on your head.
You reflexively headbutt those who attack you in melee.


Message History

You are more confused.
You fly upwards.
Reactivating autopickup.
There is a stone staircase leading down here.
You start waiting.
You feel less confused.
You start waiting.
Done waiting.
You fly downwards.
Level annotation: Sigmund
There is a stone staircase leading up here.
Sigmund casts a spell at you.
You are confused.
Sigmund barely misses you.
You barely miss Sigmund. You closely miss Sigmund.
Your headbutt misses Sigmund.
Sigmund drinks a potion.
Sigmund seems to grow stronger.
You bump into the rock wall.
Sigmund gestures at you while chanting. The magic dart hits you.
You are too confused!
Sigmund misses you.
You feel less confused.
Sigmund says, "Don't worry, I'll kill you fast."
Sigmund casts a spell at you. The magic dart hits you!
You slash Sigmund!
Sigmund is moderately wounded.
Sigmund casts a spell at you. The magic dart hits you.
You hit Sigmund.
Sigmund is moderately wounded.
Sigmund hits you with a +0 scythe!
* * * LOW HITPOINT WARNING * * *
You hit Sigmund. You headbutt Sigmund, but do no damage.
Sigmund is heavily wounded.
You slash Sigmund! Your headbutt misses Sigmund.
Sigmund is severely wounded.
Sigmund hits you with a +0 scythe!
You die...

#.# #.# #.# #.# #.#
##@## ... ##..>##
#.#### ##.....##
#.##.## ##.......#
#.#...####.........###
#.<...@..(รท........+..
#.#..@####.........###
#.##.## ##.......##
#.#### ##.....## #.###
##...##
#...##########+##
###.##......##.#
#.##.####.##.# #.##.#
#.##.####
#.##.####.......#


You could see Sigmund (strong).

Vanquished Creatures
  An adder (D:2)
  A worm (D:2)
  An orc (D:3)
  2 endoplasms
  2 giant cockroaches
  5 goblins
  5 hobgoblins
  6 jackals (D:1)
  A quokka (D:1)
  6 ball pythons
  6 bats
  2 frilled lizards
  7 kobolds
  5 rats
50 creatures vanquished.

Vanquished Creatures (others)
  4 toadstools (D:1)
4 creatures vanquished.

Grand Total: 54 creatures vanquished

Notes
Turn   | Place    | Note
-------+----------+-------------------------------------------
     0 | D:1      | fleeber the Minotaur Berserker began the quest for the Orb.
     0 | D:1      | Reached XP level 1. HP: 19/19 MP: 0/0
   210 | D:1      | Reached XP level 2. HP: 27/27 MP: 1/1
   677 | D:1      | Reached ** piety under Trog
   782 | D:1      | Reached XP level 3. HP: 33/33 MP: 2/2
  1443 | D:2      | Found a faded altar of an unknown god.
  1824 | D:3      | Reached XP level 4. HP: 41/41 MP: 3/3
  1908 | D:3      | Noticed Sigmund
  2202 | D:3      | Slain by Sigmund

Illustrated notes

Levels and vault maps discovered:
D:1:      ldierk_walled_garden_2, layout_loops_ring
D:2:      layout_basic, shapermc_ecumenical_altar_hornbeckon
D:3:      layout_loops_corners, hangedman_decor_growths, minmay_crystal_water,
          uniq_sigmund

Skill      XL: |  1  2 |
---------------+-------+-----
Axes           | 4 |  4.7
Fighting       | 4 |  4.4
Throwing       | |  0.4
Armour         | |  2.9
Dodging        | |  2.6

Action                   |  1- 3 |  4- 6 || total
-------------------------+-------+-------++-------
Melee: Hand axe          |    71 |     8 ||    79
       Headbutt          |     9 |     2 ||    11
Throw: Stone             |       |     1 ||     1
 Stab: Sleeping          |     1 |       ||     1
Armor: Animal skin       |     3 |       ||     3
       Ring mail         |    31 |       ||    31
Dodge: Dodged            |    56 |     3 ||    59
